 Dungeon Crawl Stone Soup version 0.27-a0-1519-gc8121b2 (webtiles) character file.

Game seed: 15895659178772662017

12280 Illumine the Cleaver (level 11, -3/103 HPs)
             Began as a Deep Dwarf Fighter on July 9, 2021.
             Was an Elder of Makhleb.
             Slain by a black mamba (4 damage)
             ... on level 10 of the Dungeon.
             The game lasted 00:09:25 (8707 turns).

Illumine the Cleaver (Deep Dwarf Fighter)           Turns: 8707, Time: 00:09:26

Health: -3/103     AC: 17    Str: 24    XL:     11   Next: 60%
Magic:  7/7        EV:  7    Int:  8    God:    Makhleb [****..]
Gold:   725        SH: 12    Dex: 12    Spells: 10/10 levels left

rFire    . . .     SeeInvis .   l - +1 war axe (flame)
rCold    . . .     Faith    .   c - +0 kite shield
rNeg     . . .     Spirit   .   b - +0 plate armour
rPois    .         Reflect  .   m - +0 helmet
rElec    .         Harm     .   C - +0 cloak
rCorr    .         Rampage  .   (no gloves)
Will     +....                  t - +0 pair of boots
Stlth    ..........             (no amulet)
HPRegen  0.00/turn              (no ring)
MPRegen  0.10/turn              (no ring)

@: lethally poisoned (-3 -> -3)
A: damage resistance, heal wounds, sense surroundings 2, no regeneration
a: Heal Wounds, Renounce Religion, Minor Destruction, Lesser Servant of Makhleb,
Major Destruction


You were on level 10 of the Dungeon.
You worshipped Makhleb.
Makhleb was greatly pleased with you.
You visited 4 branches of the dungeon, and saw 15 of its levels.

You collected 725 gold pieces.

Inventory:

Hand Weapons
 l - a +1 war axe of flaming (weapon)
Missiles
 i - 34 poisoned darts
 n - 4 boomerangs of dispersal
 u - a throwing net
Armour
 b - a +0 plate armour (worn)
 c - a +0 kite shield (worn)
 m - a +0 helmet (worn)
 t - a +0 pair of boots (worn)
 C - a +0 cloak (worn)
Jewellery
 r - a +6 ring of intelligence
 z - an amulet of magic regeneration
Wands
 o - a wand of charming (17)
 v - a wand of paralysis (16)
 A - a wand of flame (15)
 G - a wand of iceblast (8)
Scrolls
 a - 7 scrolls of identify {unknown}
 e - 3 scrolls of blinking {unknown}
 f - 4 scrolls of enchant armour {unknown}
 k - 5 scrolls of fog {unknown}
 q - 4 scrolls of teleportation {unknown}
 w - 3 scrolls of fear {unknown}
 y - a scroll of vulnerability {unknown}
 E - a scroll of magic mapping {unknown}
 F - a scroll of summoning {unknown}
Potions
 d - a potion of might
 g - 2 potions of attraction {unknown}
 h - a potion of lignification {unknown}
 j - a potion of heal wounds {unknown}
 p - 3 potions of mutation {unknown}
 s - 5 potions of curing
 x - 3 potions of flight {unknown}
 B - a potion of magic {unknown}
 D - a potion of invisibility {unknown}
 H - a potion of ambrosia {unknown}


   Skills:
 + Level 7.8 Fighting
 + Level 11.2 Axes
 + Level 8.4 Armour
 + Level 5.2 Dodging
 + Level 9.3 Shields
 + Level 9.0 Invocations


You had 10 spell levels left.
You didn't know any spells.
Your spell library contained the following spells:

 Spells                   Type           Power      Damage    Failure   Level
 Animate Skeleton         Necr           0%         N/A       100%        1
 Apportation              Tloc           0%         N/A       100%        1
 Corona                   Hex            0%         N/A       100%        1
 Foxfire                  Conj/Fire      0%         2x1d4     100%        1
 Summon Small Mammal      Summ           0%         N/A       100%        1
 Conjure Flame            Conj/Fire      0%         6-21      100%        3
 Inner Flame              Hex/Fire       0%         N/A       100%        3
 Alistair's Intoxication  Tmut/Pois      0%         N/A       100%        5
 Conjure Ball Lightning   Conj/Air       0%         3x3d6     100%        6
 Invisibility             Hex            0%         N/A       100%        6
 Discord                  Hex            0%         N/A       100%        8
 Disjunction              Tloc           0%         N/A       100%        8


Dungeon Overview and Level Annotations

Branches:
Dungeon (12/15)            Temple (1/1) D:4            Lair (1/6) D:10
    Orc (1/2) D:9

Altars:
Ashenzari
Cheibriados
Dithmenos
Elyvilon
Fedhas
Gozag
Hepliaklqana
Kikubaaqudgha
Makhleb
Nemelex Xobeh
Okawaru
Qazlal
Ru
Sif Muna
Trog
Uskayaw
Vehumet
Wu Jian
Xom
Yredelemnul
Zin
The Shining One

Annotations:
D:2 1 runed translucent door, Crazy Yiuf
D:6 2 transporters, lunatic's ghost, weakling KoDe
D:7 1 runed translucent door, Taxman66's ghost, novice DjFE


Innate Abilities, Weirdness & Mutations

You are resistant to damage.
You can heal yourself by infusing magical energy.
You passively map the area around you.
You do not regenerate.


Message History

Unknown command.
Your shield and plate armour prevent you from hitting the black mamba.
The black mamba is heavily wounded.
The black mamba barely misses you. You block the black mamba's attack.
Your orange demon closely misses the black mamba.
You hit the black mamba but do no damage.
The black mamba is heavily wounded.
You block the black mamba's attack.
Your orange demon barely misses the black mamba.
The black mamba completely misses you.
Unknown command.
You hit the black mamba but do no damage.
The black mamba is heavily wounded.
You block the black mamba's attack.
Your orange demon completely misses the black mamba.
You block the black mamba's attack.
Unknown command.
You closely miss the black mamba.
The black mamba is heavily wounded.
You are no longer poisoned.
The black mamba bites you but does no damage.
Your orange demon stings the black mamba from afar.
You closely miss the black mamba.
The black mamba is heavily wounded.
The black mamba bites you!
* * * LOW HITPOINT WARNING * * *
Your orange demon barely misses the black mamba. x2
The black mamba bites you but does no damage.
You closely miss the black mamba.
The black mamba is heavily wounded.
The black mamba bites you!
* * * LOW HITPOINT WARNING * * *
You are poisoned.
The black mamba poisons you!
Your orange demon completely misses the black mamba.
Your orange demon hits the black mamba.
You block the black mamba's attack.
You hit the black mamba. You burn the black mamba.
The black mamba is severely wounded.
The black mamba bites you.
You die...

.#≈ ###'## .#
#....# ##
#....#
≈##≈#....#
≈≈≈≈#....#
.####....# ..#
#....#########
#.#
#.........4S.#
#.#
###.########@#
#.## #.# ###
#..# #.# ##.##
#.# #..# #.#
##.###.#
#..##.#
##.##.# #..#.#


You could see a black mamba (ally target) and a friendly orange demon
(summoned).

Vanquished Creatures
  A hydra (D:10)
  A tengu warrior (D:8)
  3 two-headed ogres
  A cyclops (D:10)
  A komodo dragon (D:12)
  3 trolls
  6 slime creatures (D:12)
  Sigmund (D:4)
  A vampire (D:11)
  4 shadows
  2 wyverns
  2 vampire mosquitoes (D:11)
  Edmund (D:6)
  A water moccasin (D:7)
  3 orc warriors
  A necrophage (D:4)
  An ice beast (D:6)
  3 ogres
  A sky beast (D:7)
  4 centaurs
  A phantom (D:5)
  A kobold brigand (D:11)
  2 gnoll sergeants
  Blork the orc (D:6)
  A bullfrog (D:8)
  A water moccasin zombie (D:3)
  A scorpion (D:5)
  A wyvern skeleton (D:7)
  20 killer bees
  2 troll zombies (D:9)
  4 wights (D:8)
  4 howler monkeys
  2 electric eels (D:7)
  A bullfrog zombie (D:7)
  5 centaur zombies
  4 hounds
  2 orc priests
  3 jellies
  4 iguanas
  11 orc wizards
  4 ogre zombies (D:9)
  A howler monkey zombie (D:8)
  A howler monkey skeleton (D:7)
  4 adders
  14 gnolls
  A white imp (D:6)
  An ufetubus (D:6)
  An adder skeleton (D:4)
  5 worms
  37 orcs
  10 ball pythons
  9 endoplasms
  6 giant cockroaches
  4 goblins
  6 hobgoblins
  9 jackals
  11 kobolds
  5 quokkas
  10 bats
  7 frilled lizards
  2 goblin skeletons (D:9)
  A goblin zombie (D:9)
  A hobgoblin zombie (D:9)
  2 orc skeletons (D:9)
  13 orc zombies (D:9)
  2 rats
  2 bushes (D:8)
281 creatures vanquished.

Vanquished Creatures (collateral kills)
  A two-headed ogre (D:9)
1 creature vanquished.

Vanquished Creatures (others)
  3 bushes (D:8)
  39 plants (D:7)
42 creatures vanquished.

Grand Total: 324 creatures vanquished

Notes
Turn   | Place    | Note
-------+----------+-------------------------------------------
     0 | D:1      | Illumine the Deep Dwarf Fighter began the quest for the
                  | Orb.
     0 | D:1      | Reached XP level 1. HP: 20/20 MP: 1/1
    70 | D:1      | Reached XP level 2. HP: 25/27 MP: 2/2
   188 | D:1      | Found a faded altar of an unknown god.
   199 | D:1      | Reached skill level 3 in Axes
   372 | D:2      | Reached XP level 3. HP: 24/34 MP: 3/3
   495 | D:2      | Found a glowing golden altar of the Shining One.
   920 | D:2      | Found a runed translucent door.
   921 | D:2      | Noticed Crazy Yiuf
  1201 | D:3      | Reached XP level 4. HP: 38/42 MP: 4/4
  1229 | D:3      | Reached skill level 4 in Axes
  1239 | D:3      | Found a glowing drain.
  1337 | D:3      | Reached XP level 5. HP: 40/49 MP: 5/5
  1554 | D:3      | Reached skill level 5 in Axes
  2168 | D:4      | Reached XP level 6. HP: 45/57 MP: 6/6
  2298 | D:4      | Reached skill level 5 in Shields
  2367 | D:4      | Found a staircase to the Ecumenical Temple.
  2404 | Temple   | Entered the Ecumenical Temple
  2615 | Temple   | Became a worshipper of Makhleb the Destroyer
  2690 | D:4      | Noticed Sigmund
  2695 | D:4      | Killed Sigmund
  2696 | D:4      | Reached skill level 6 in Axes
  2696 | D:4      | Reached XP level 7. HP: 36/66 MP: 7/7
  3329 | D:5      | Entered Level 5 of the Dungeon
  3474 | D:5      | Reached skill level 1 in Invocations
  3515 | D:5      | Reached * piety under Makhleb
  3569 | D:5      | Reached skill level 7 in Axes
  4125 | D:6      | Noticed Blork the orc
  4126 | D:6      | Noticed Edmund
  4133 | D:6      | Killed Blork the orc
  4134 | D:6      | Reached XP level 8. HP: 50/73 MP: 9/9
  4137 | D:6      | Killed Edmund
  4182 | D:6      | Found a transporter.
  4182 | D:6      | Noticed lunatic's ghost (weakling KoDe)
  4187 | D:6      | Found a transporter.
  4215 | D:6      | Reached skill level 5 in Fighting
  4344 | D:6      | Reached skill level 8 in Axes
  4692 | D:7      | Reached ** piety under Makhleb
  4772 | D:7      | Reached skill level 5 in Armour
  4804 | D:7      | Gained mutation: You passively map the area around you.
                  | [Deep Dwarf growth]
  4804 | D:7      | Reached XP level 9. HP: 42/81 MP: 11/11
  4869 | D:7      | Found a runed translucent door.
  4869 | D:7      | Found a shimmering altar of Xom.
  4869 | D:7      | Noticed Taxman66's ghost (novice DjFE)
  4869 | D:7      | Noticed a +0 whip of chaos
  4974 | D:7      | Reached skill level 9 in Axes
  5062 | D:7      | Reached skill level 5 in Invocations
  5442 | D:8      | Found a blossoming altar of Fedhas.
  5653 | D:8      | Identified the +8 fustibalus of Terra Nullius {flame, rF+
                  | Int+3}
  5655 | D:8      | Noticed a tengu warrior
  5689 | D:8      | Killed a tengu warrior
  5764 | D:8      | Reached skill level 10 in Axes
  5794 | D:8      | Found a sacrificial altar of Ru.
  5868 | D:8      | Reached *** piety under Makhleb
  5869 | D:8      | Reached XP level 10. HP: 28/85 MP: 9/9
  5969 | D:8      | Found a white marble altar of Elyvilon.
  5970 | D:8      | Found a basalt altar of Yredelemnul.
  5971 | D:8      | Found a bloodstained altar of Trog.
  5971 | D:8      | Found a glowing golden altar of the Shining One.
  5971 | D:8      | Found a glowing silver altar of Zin.
  5971 | D:8      | Found a hide-covered altar of Uskayaw.
  5972 | D:8      | Found an ornate altar of the Wu Jian Council.
  5974 | D:8      | Found an iron altar of Okawaru.
  5976 | D:8      | Found a sparkling altar of Nemelex Xobeh.
  6074 | D:9      | Noticed a two-headed ogre
  6098 | D:9      | Killed a two-headed ogre
  6099 | D:9      | Reached skill level 1 in Dodging
  6194 | D:9      | HP: 3/92 [troll (8)]
  6302 | D:9      | Found a staircase to the Orcish Mines.
  6314 | D:9      | HP: 2/92 [shadow (3)]
  6600 | D:9      | Reached **** piety under Makhleb
  6808 | Orc:1    | Entered Level 1 of the Orcish Mines
  6970 | D:10     | Entered Level 10 of the Dungeon
  6979 | D:10     | Found an ancient bone altar of Kikubaaqudgha.
  7011 | D:10     | Found a hazy altar of Hepliaklqana.
  7536 | D:10     | Found a staircase to the Lair.
  7572 | D:10     | Noticed a cyclops
  7579 | D:10     | Killed a cyclops
  7623 | Lair:1   | Entered Level 1 of the Lair of Beasts
  7623 | Lair:1   | Noticed a black mamba
  7623 | Lair:1   | Noticed a seven-headed hydra
  7726 | D:10     | Reached XP level 11. HP: 89/100 MP: 6/8
  7882 | D:10     | Upgraded the game from 0.27-a0-1513-g2aaa0cc to
                  | 0.27-a0-1519-gc8121b2
  8204 | D:11     | Noticed a two-headed ogre
  8205 | D:11     | Noticed a two-headed ogre
  8216 | D:11     | Killed a two-headed ogre
  8218 | D:11     | Killed a two-headed ogre
  8428 | D:12     | Noticed a two-headed ogre
  8432 | D:12     | Killed a two-headed ogre
  8433 | D:12     | Reached skill level 11 in Axes
  8503 | D:12     | Reached skill level 5 in Dodging
  8529 | D:12     | HP: 5/102 [komodo dragon (16)]
  8695 | D:10     | Killed a five-headed hydra
  8706 | D:10     | HP: 1/103 [black mamba (10)]
  8707 | D:10     | Slain by a black mamba

Illustrated notes

Levels and vault maps discovered:
D:1:      dpeg_arrival_tiny_a, layout_loops_ring,
          hellmonk_ecumenical_altar_blasted
D:2:      layout_loops_ring, basic_altar, uniq_crazy_yiuf_cottage
D:3:      layout_loops_cross, cheibrodos_sewer_entry_drain,
          nrook_mini_backslash, minmay_stone_trees_large,
          chequers_serial_rivers_small_b, grunt_ministairs_3
D:4:      layout_layer_cave, minmay_temple_entry_large_hall,
          minmay_misc_feat_cross, minmay_misc_feat_enclosed, uniq_sigmund
D:5:      layout_gridville
D:6:      layout_loops_ring, gammafunk_ghost_arena, uniq_edmund,
          uniq_blork_the_orc
D:7:      layout_loops_ring, ebering_ghost_xom, serial_bayou_lagoon_a
D:8:      layout_cave_pools, minitemple, mainiacjoe_overflow_cross_hatched,
          fedhas_bush_and_centaur_altar
D:9:      layout_roguey, zombieorc1_lemuel
D:10:     layout_basic, mainiacjoe_overflow_large_starburst, lair_entry_dummy,
          grunt_ministairs_14, lightli_minifort
D:11:     layout_roguey
D:12:     layout_long_grid, nrook_loot_triangle
Temple:   grunt_temple_mini_profane
Lair:1:   layout_misc_corridors, minivault_25, serial_bayou_crossing
Orc:1:    layout_diamond_mine, basic_altar

Skill      XL: |  1  2  3  4  5  6  7  8  9 10 11 |
---------------+----------------------------------+-----
Axes           | 3 4 5 6 7 8 10 11 | 11.2
Fighting       | 3 4 5 6 7 |  7.8
Shields        | 4 5 6 7 8 9 |  9.3
Invocations    | 2 4 6 8 9 |  9.0
Armour         | 4 5 6 7 8 |  8.4
Dodging        | 4 5 |  5.2

Action                   |  1- 3 |  4- 6 |  7- 9 | 10-12 || total
-------------------------+-------+-------+-------+-------++-------
Melee: War axe           |   114 |   106 |   328 |   369 ||   917
Invok: Lesser Servant of |       |       |       |     3 ||     3
 Abil: Heal Wounds       |     1 |     4 |    20 |    31 ||    56
  Use: Potion            |       |       |       |     1 ||     1
 Stab: Sleeping          |       |       |     2 |       ||     2
Armor: Scale mail        |    53 |    29 |   187 |    39 ||   308
       Plate armour      |       |       |       |   127 ||   127
       Chain mail        |       |       |       |     7 ||     7
Dodge: Dodged            |    39 |    32 |   133 |   143 ||   347
Block: Kite shield       |    69 |    71 |   260 |   304 ||   704

Table legend: (Time is in decaauts)
 A = Elapsed time spent in this place.
 B = Non-inter-level travel time spent in this place.
 C = Inter-level travel time spent in this place.
 D = Time resting spent in this place.
 E = Time spent auto-exploring this place.
 F = Levels seen in this place.
 G = Mean time per level.
                   A        B        C        D        E       F      G
               +--------+--------+--------+--------+--------+-----+--------+
         Total |   8961 |   8441 |    520 |    100 |   6326 |  15 |  597.4 |
       Dungeon |   8716 |   8247 |    469 |    100 |   6141 |  12 |  726.3 |
        Temple |    238 |    187 |     51 |      0 |    185 |   1 |  238.0 |
          Lair |      4 |      4 |      0 |      0 |      0 |   1 |    4.0 |
  Orcish Mines |      1 |      1 |      0 |      0 |      0 |   1 |    1.0 |
               +--------+--------+--------+--------+--------+-----+--------+

Top non-repeatable levels by time:
     D:4: 1195 daAuts
    D:10: 996 daAuts
     D:3: 938 daAuts
     D:9: 912 daAuts
     D:7: 823 daAuts
     D:5: 802 daAuts
     D:2: 682 daAuts
     D:8: 652 daAuts
     D:6: 558 daAuts
    D:11: 541 daAuts
     D:1: 396 daAuts
  Temple: 238 daAuts
    D:12: 217 daAuts
  Lair:1: 4 daAuts
   Orc:1: 1 daAuts
